Construct Section Command Post
Selects Canadian Shock Battlegroup
Selects Offensive Resupply
Selects Incendiary Munitions
Construct Platoon Command Post
Unlock M3 Stuart Light Tanks
Selects Canadian Shock Section
6-pounder Anti-tank Gun Team
Selects Churchill Crocodile Heavy Tank
Churchill Crocodile Heavy Tank
6-pounder Anti-tank Gun Team
6-pounder Anti-tank Gun Team
6-pounder Anti-tank Gun Team
Churchill Crocodile Heavy Tank